woodfighter, chaotic female sylph Priestess --------- |.......| |.......| @A@ A |..@@...| @ @ A E @ A|@......| A | |V..T...| | A @ A @ |. ----A---- .| @ @& V A @ |....a.@@@....| A @ @ & @@ ---.A@.aA...--- A @ @ A @ @ V -----H----- @@ @ A AA --.@@@...- A@V N @ --------..@.a&... XA @ A ......|A@...a.... -...--...@..... |....--.......- ---...----`---- |.......A@@.. ------------- woodfighter the Canoness Experience level: 20 Strength: 16 Dexterity: 19 Constitution: 18 Intelligence: 24 Wisdom: 18 Charisma: 13 Health: 101(181) Energy: 304(304) Def: 41 Gold: 0 Moves: 39777 Dungeon seed: DOU0ObbnId4yGJI0 Game ID: woodfighter_1560136048 Your Inventory: Amulets B - a blessed rustproof amulet of flying (being worn) Weapons a - the blessed rustproof +7 Sceptre of Might (weapon in hand) c - 5 blessed rustproof +6 spears (in quiver) Armor e - a greased fireproof +5 robe (being worn) n - a blessed greased fireproof +5 T-shirt (being worn) q - a blessed fireproof +5 small shield (being worn) N - a blessed fireproof +5 cornuthaum (being worn) Comestibles P - a blessed food ration Spellbooks I - the blessed Book of the Dead Potions X - a blessed potion of full healing Rings C - a blessed corrodeproof ring of free action (on left hand) R - a blessed rustproof +3 ring of protection (on right hand) Wands d - a blessed wand of fire (0:6) f - a blessed wand of digging (0:1) g - a blessed wand of teleportation (0:7) h - a blessed wand of death (1:6) Tools i - a +0 unicorn horn k - a blessed oil lamp (lit) (0:491) s - a blessed bag of holding w - a blessed magic whistle y - a blessed skeleton key A - a pair of lenses (being worn) V - the blessed rustproof Master Key of Thievery W - a blessed towel Y - the cursed Candelabrum of Invocation (no candles attached) (0:0) Gems v - a blessed luckstone Contents of the bag of holding: 973 gold pieces a blessed amulet of life saving an amulet of life saving an amulet of life saving an amulet of life saving a blessed [fireproof] [+7] elven dagger named Sting a blessed rustproof +5 mace a [rustproof] [+0] runesword named Stormbringer 5 blessed rustproof +6 spears 27 blessed K-rations a cram ration a eucalyptus leaf 4 blessed lembas wafers 3 lumps of royal jelly a sprig of wolfsbane 5 blessed scrolls of blank paper a cursed scroll of blank paper 2 blessed scrolls of charging 9 scrolls of gold detection 6 blessed scrolls of remove curse 8 blessed potions of full healing 14 potions of holy water 2 blessed potions of oil a blessed ring of conflict a wand of death (0:1) a wand of fire (0:7) a wand of secret door detection (0:13) a wand of teleportation (0:7) a blessed can of grease (0:13) a magic marker (0:25) a magic marker (0:24) a magic marker (0:23) a magic marker (0:16) a [+0] pick-axe a blessed +0 unicorn horn a blessed +0 unicorn horn a +0 unicorn horn a +0 unicorn horn a +0 unicorn horn a diamond 3 emeralds 4 rubies Spells and supernatural/magical abilities: Name Level Category Fail Memory a - force bolt 1 attack 0% 62% c - cause fear 3 enchantment 0% 32% d - dig 2 matter 0% 61% e - charm monster 5 enchantment 42% 61% f - fireball 4 attack 9% 10% h - healing 1 healing 0% 31% j - jumping 1 escape 0% 10% k - knock 1 matter 0% 32% l - light 1* divination 0% 0% m - magic missile 2 attack 0% 62% n - detect monsters 1 divination 0% 12% o - cone of cold 4 attack 9% 10% p - protection 1 clerical 0% 32% r - remove curse 3 clerical 0% 10% s - slow monster 1 enchantment 0% 32% t - teleport away 6 escape 70% 61% u - confuse monster 2 enchantment 0% 31% v - clairvoyance 3 divination 0% 31% w - wizard lock 2 matter 0% 31% x - extra healing 3 healing 0% 10% z - sleep 2 enchantment 0% 61% B - cure blindness 2 healing 0% 32% D - drain life 3 attack 0% 10% E - detect food 2 divination 0% 10% F - finger of death 7 attack 94% 61% G - detect treasure 4 divination 0% 62% H - haste self 3 escape 0% 32% I - identify 3 divination 0% 61% K - cure sickness 3 healing 0% 32% L - levitation 4 escape 9% 61% M - magic mapping 5 divination 0% 32% O - create monster 2* clerical 0% 0% P - polymorph 6 matter 70% 61% R - restore ability 4 healing 0% 31% S - stone to flesh 3 healing 0% 10% W - pray for help -- divine ? -- X - turn undead -- divine ? -- Your skills at the end: Miscellaneous Skills shield [Expert] wands [Skilled] stealth [Master] Weapon Skills mace [Expert] Spellcasting Skills healing spells [Skilled] divination spells [Skilled] clerical spells [Basic] Final Attributes: You were the Glory of Arioch. You were piously aligned. You were fire resistant. You were cold resistant. You were sleep resistant. You were shock resistant. You were poison resistant. You were level-drain resistant. You were magic-protected. You saw invisible. You were warned. You had automatic searching. You had infravision. You were sensing the presence of monsters. You were invisible to others. You were displaced. You were very stealthy. You had teleport control. You could fly. You were protected. You were protected from shape changers. You were very fast. You had free action. You were extremely lucky. You had extra luck. Good luck did not time out for you. You survived after being killed once. Vanquished creatures: Baalzebub Orcus Juiblex The Wizard of Yendor (5 times) Famine a high priest 2 ancient orange dragons Vlad the Impaler Medusa 17 krakens 3 iron golems 3 orange dragons a blue dragon a green dragon a yellow dragon a storm giant 4 titans 3 deep ettins a glass golem a balrog Nalzok 5 purple worms 13 minotaurs a jabberwock 12 baluchitheria 4 Angels a young gray dragon a young silver dragon 2 young red dragons a young white dragon 22 young orange dragons a young black dragon a young blue dragon a young green dragon a young yellow dragon 8 stone golems an Olog-hai 5 Nazgul 15 pit fiends 2 sandestins 4 hell hounds 8 titanotheres 3 trappers a gryphon 2 guardian nagas 33 vampire lords 3 shades 5 skeletons 2 aligned priests 4 captains a lich a clay golem 14 nurses 10 ice devils 2 nalfeshnees 12 lurkers above 2 Aleaxes 4 golden nagas a black pudding 67 vampires 93 ghosts 9 ettins 9 lieutenants a tourist a queen bee a winged gargoyle 9 giant mimics 4 fire giants 6 ogre kings an Elvenking 3 ice trolls 7 rock trolls 9 umber hulks 3 flesh golems 12 doppelgangers 15 hezrous 27 bone devils 4 salamanders 7 large mimics 6 wumpuses 3 fire vortices 15 long worms 6 couatls 9 stalkers 9 air elementals 4 fire elementals 2 earth elementals 3 water elementals 8 hill giants 7 giant mummies 4 black nagas 6 elf-lords 2 xorns 25 giant zombies 20 sergeants 3 barbed devils 17 vrocks 28 wargs 3 winter wolves 7 hell hound pups 3 quantum mechanics 21 small mimics 4 glass piercers 11 warhorses a steam vortex 7 xans 3 ettin mummies 6 ogre lords 22 trolls 4 sasquatches 5 wood golems 2 erinyes 13 mariliths 4 sharks 12 electric eels 4 pyrolisks 4 large dogs 2 freezing spheres 6 flaming spheres 11 shocking spheres 4 large cats 9 tigers 10 gargoyles a dwarf king 4 tengu 9 gelatinous cubes 10 ochre jellies 4 crocodiles 7 chameleons 13 leocrottas 4 energy vortices 6 mountain centaurs 5 giants 2 elf mummies 6 human mummies 3 red nagas a green slime 6 Grey-elves 7 pit vipers 8 pythons 7 cobras 176 wraiths 30 ettin zombies 3 leather golems 55 soldiers a horned devil 19 succubi 14 incubi 8 giant beetles 9 cockatrices 11 wolves 6 winter wolf cubs 11 black lights 4 lynxes 6 panthers 3 gremlins 92 leprechauns 9 quivering blobs 3 spotted jellies 14 lizards 2 mountain nymphs 2 orc-captains 5 mumakil 10 giant spiders 6 scorpions 5 iron piercers 6 horses an ice vortex 9 vampire bats 7 forest centaurs 7 gnome kings 2 orc mummies 2 dwarf mummies 3 ogres a brown pudding 13 Green-elves a rust monster 8 owlbears 8 yetis 3 gold golems a werewolf 12 piranhas 23 giant eels 3 chickatrices a dog 4 dingos 4 housecats 6 jaguars 3 dwarf lords 10 blue jellies 3 white unicorns 5 gray unicorns 6 dust vortices 7 ravens 8 plains centaurs 3 gnome mummies 7 Woodland-elves 5 snakes 14 apes 118 human zombies a rope golem 19 soldier ants 7 fire ants 11 yellow lights 20 bugbears 2 imps a baby crocodile a wood nymph 8 Mordor orcs 35 Uruk-hai 2 orc shamans 3 rock moles 6 rock piercers 5 ponies 2 fog clouds 7 shriekers 2 violet fungi 19 gnome lords 11 gnomish wizards 3 kobold mummies 2 black naga hatchlings a golden naga hatchling a guardian naga hatchling 8 gray oozes 9 barrow wights 59 elf zombies 48 ghouls a paper golem 4 jellyfish 19 giant ants 2 puppies 8 floating eyes 5 kittens 23 dwarves a homunculus a quasit 4 kobold lords 9 kobold shamans 4 iguanas 21 hill orcs 18 rothes 2 rabid rats 2 centipedes 6 jitterbugs 3 giant bats 2 monkeys 57 orc zombies 43 dwarf zombies 4 wererats a werejackal 49 killer bees 8 coyotes 3 gas spores 5 hobbits 4 acid blobs 3 large kobolds 6 geckos 11 hobgoblins 8 giant rats 12 cave spiders 7 brown molds 6 yellow molds 6 green molds 2 red molds 62 gnomes 7 garter snakes 8 manes 36 gnome zombies 7 jackals 7 foxes 20 newts 6 goblins 9 sewer rats 10 grid bugs 7 bats 15 lichens 40 kobold zombies 2721 creatures vanquished. Genocided or extinct species: chickatrices cockatrices pyrolisks hobbits dwarves bugbears dwarf lords dwarf kings quantum mechanics mind flayers master mind flayers wood nymphs water nymphs mountain nymphs island nymphs baby gray dragons baby silver dragons baby red dragons baby white dragons baby orange dragons baby black dragons baby blue dragons baby green dragons baby yellow dragons young gray dragons young silver dragons young red dragons young white dragons young orange dragons young black dragons young blue dragons young green dragons young yellow dragons gray dragons silver dragons red dragons white dragons orange dragons black dragons blue dragons green dragons yellow dragons elder gray dragons elder silver dragons elder red dragons elder white dragons elder orange dragons elder black dragons elder blue dragons elder green dragons elder yellow dragons ancient gray dragons ancient silver dragons ancient red dragons ancient white dragons ancient orange dragons ancient black dragons ancient blue dragons ancient green dragons ancient yellow dragons liches demiliches master liches arch-liches gray oozes brown puddings black puddings green slimes rust monsters disenchanters wraiths (extinct) deep ettins human zombies (extinct) erinyes (extinct) jellyfish piranhas sharks giant eels electric eels krakens 77 species genocided. 3 species extinct. Voluntary challenges: You were vegetarian. You had followed a strict vegan diet until turn 9486. You did not cause conflict. You were not invisible. You did not have reflection. You had been an atheist until turn 9106. You used a wielded weapon 6837 times, starting on turn 1. You did not apply a unicorn horn. You did not use plumbed fixtures. You read items or engraved 364 times, starting on turn 1956. You genocided 77 types of monsters, starting on turn 22043. You polymorphed 1 item, starting on turn 11130. You changed form 1 time, starting on turn 24743. You completed Sokoban on turn 5167, according to the rules. You used 5 wishes, starting on turn 15197. You wished for your your first artifact on turn 15197. You never split a pudding. You never wrote Elbereth's name. You violated your moral code, losing 10 points of alignment, starting on turn 33735. Dungeon overview: The Dungeons of Doom: levels 1 to 29 Level 1 (water + box) a fountain stairs to The Elemental Planes Level 2 (water) Level 3 some fountains stairs to The Gnomish Mines Level 4 a scroll shop, a fountain Level 5 (water) Level 6 many fountains Level 7 a fountain stairs to Sokoban Level 8 Level 9 (water) a fountain Level 10 a fountain Level 11 (water + vault) a fountain Level 12 (quest) portal to The Quest Level 13 (water) a sink Level 14 (big room) Level 15 Level 16 (vault) Level 17 (vault) Level 18 Level 19 Level 20 (water) Level 21 a general store, some fountains Level 22 (vault) Level 23 (medusa) Level 24 Level 25 Level 26 Level 27 Level 28 a fountain Level 29 a magic chest, many fountains, many sinks, many trees Gehennom: levels 30 to 54 Level 30 a temple to Moloch, a magic chest stairs to The Dungeons of Doom Level 31 Level 32 Level 33 Level 34 (baalzebub) a magic chest Level 35 Level 36 some fountains Level 37 Level 38 Level 39 (orcus) some shops, an altar to Moloch, a magic chest, a fountain Level 40 Level 41 (yeenoghu) a magic chest Level 42 Level 43 Level 44 (wizard) a magic chest stairs to Vlad's Tower Level 45 Level 46 portal to Gehennom Level 47 Level 48 Level 49 Level 50 Level 51 portal to Gehennom Level 52 Level 53 Level 54 The Gnomish Mines: levels 4 to 12 Level 4 stairs to The Dungeons of Doom Level 5 Level 6 Level 7 some shops, a temple to Blind Io, a magic chest, some fountains Level 8 Level 9 Level 10 Level 11 Level 12 a magic chest, some fountains The Quest: levels 1 to 6 Level 1 a temple to Moloch, a magic chest portal to The Dungeons of Doom Level 2 Level 3 a temple to Moloch Level 4 Level 5 Level 6 Sokoban: levels 3 to 6 Level 3 a magic chest Level 4 Level 5 Level 6 an altar to Offler, a magic chest stairs to The Dungeons of Doom Vlad's Tower: levels 41 to 43 Level 41 Level 42 an altar to Moloch Level 43 stairs to Gehennom The Elemental Planes: Astral Plane <- You were here a high altar Plane 4 portal to The Elemental Planes Plane 3 portal to The Elemental Planes Plane 2 portal to The Elemental Planes Plane 1 portal to The Elemental Planes History has recorded: On T:1 you entered the Dungeons of Doom to retrieve the Amulet of Yendor! On T:161 you reached level 2 of The Dungeons of Doom. On T:333 you reached level 3 of The Dungeons of Doom. On T:541 you advanced to experience level 2. On T:838 you reached level 4 of The Dungeons of Doom. On T:861 you reached level 1 of The Gnomish Mines. On T:869 you advanced to experience level 3. On T:1153 you reached level 5 of The Dungeons of Doom. On T:1223 you advanced to experience level 4. On T:1651 you advanced to experience level 5. On T:1875 you reached level 6 of The Dungeons of Doom. On T:2661 you advanced to experience level 6. On T:2679 you reached level 7 of The Dungeons of Doom. On T:2714 you reached level 8 of The Dungeons of Doom. On T:2799 you reached level 4 of Sokoban. On T:2848 you opened a magic chest. On T:3257 you reached level 3 of Sokoban. On T:4000 you reached level 2 of Sokoban. On T:4015 you advanced to experience level 7. On T:4478 you reached level 1 of Sokoban. On T:5167 you advanced to experience level 8. On T:5167 you entered the Sokoban zoo. On T:5852 you reached level 2 of The Gnomish Mines. On T:6135 you reached level 3 of The Gnomish Mines. On T:6395 you reached level 4 of The Gnomish Mines. On T:6965 you entered the Minetown temple On T:7062 you advanced to experience level 9. On T:7265 you reached level 5 of The Gnomish Mines. On T:7764 you reached level 6 of The Gnomish Mines. On T:8166 you reached level 7 of The Gnomish Mines. On T:8256 you reached level 9 of The Gnomish Mines. On T:8256 you reached the bottom of the Mines. On T:9106 you prayed to Offler. On T:9340 you reached level 8 of The Gnomish Mines. On T:10328 you advanced to experience level 11. On T:12313 you reached level 9 of The Dungeons of Doom. On T:13014 you prayed to Offler. On T:13639 you prayed to Offler. On T:13983 you reached level 10 of The Dungeons of Doom. On T:14495 you reached level 11 of The Dungeons of Doom. On T:14528 you prayed to Offler. On T:14782 you reached level 12 of The Dungeons of Doom. On T:15197 you wished for "blessed fixed the master key of thievery". On T:16389 you reached level 13 of The Dungeons of Doom. On T:16616 you reached level 14 of The Dungeons of Doom. On T:18336 you reached level 15 of The Dungeons of Doom. On T:18336 you entered the Rogue tribute level. On T:18522 you reached level 16 of The Dungeons of Doom. On T:18578 you advanced to experience level 12. On T:19090 you reached level 17 of The Dungeons of Doom. On T:19509 you reached level 18 of The Dungeons of Doom. On T:19878 you reached level 19 of The Dungeons of Doom. On T:20876 you reached level 20 of The Dungeons of Doom. On T:22079 you received Sting from Offler. On T:22260 you prayed to Offler. On T:22326 you received Stormbringer from Offler. On T:22358 you prayed to Offler. On T:22361 you were chosen to take lives for your god's glory! On T:22630 you reached level 1 of The Quest. On T:22998 you advanced to experience level 13. On T:23045 you advanced to experience level 14. On T:23072 you embarked upon an epic quest. On T:23092 you reached level 2 of The Quest. On T:23344 you reached level 3 of The Quest. On T:24242 you reached level 4 of The Quest. On T:25020 you reached level 5 of The Quest. On T:25150 you reached level 6 of The Quest. On T:25614 you killed Nalzok on level 6 of The Quest. On T:26041 you completed the quest! On T:26291 you reached level 21 of The Dungeons of Doom. On T:26710 you reached level 22 of The Dungeons of Doom. On T:27034 you reached level 23 of The Dungeons of Doom. On T:27697 you were saved from death by your amulet of life saving! On T:28269 you reached level 24 of The Dungeons of Doom. On T:28272 you killed Medusa on level 24 of The Dungeons of Doom. On T:28469 you reached level 25 of The Dungeons of Doom. On T:28636 you reached level 26 of The Dungeons of Doom. On T:29145 you reached level 27 of The Dungeons of Doom. On T:29612 you reached level 28 of The Dungeons of Doom. On T:30167 you advanced to experience level 15. On T:30294 you reached The Castle. On T:31989 you wished for "blessed fixed ring of free action". On T:32040 you reached The Valley of the Dead. On T:32740 you reached level 2 of Gehennom. On T:32946 you reached level 3 of Gehennom. On T:33276 you reached level 4 of Gehennom. On T:33599 you reached level 5 of Gehennom. On T:34098 you reached level 6 of Gehennom. On T:34102 you killed Baalzebub on level 5 of Gehennom. On T:34186 you reached level 7 of Gehennom. On T:34666 you killed Juiblex on level 7 of Gehennom. On T:34738 you reached level 8 of Gehennom. On T:34848 you reached level 9 of Gehennom. On T:34861 you reached level 10 of Gehennom. On T:35634 you killed Orcus on level 7 of Gehennom. On T:35778 you wished for "+3 blessed fixed greased T-Shirt". On T:35805 you reached level 11 of Gehennom. On T:35811 you reached level 12 of Gehennom. On T:36132 you reached level 13 of Gehennom. On T:36193 you reached level 14 of Gehennom. On T:36219 you reached level 15 of Gehennom. On T:36232 you reached level 3 of Vlad's Tower. On T:36336 you reached level 2 of Vlad's Tower. On T:36422 you reached level 1 of Vlad's Tower. On T:36526 you killed Vlad the Impaler on level 1 of Vlad's Tower. On T:36623 you reached level 16 of Gehennom. On T:36627 you reached level 17 of Gehennom. On T:36673 you reached level 18 of Gehennom. On T:36758 you reached level 19 of Gehennom. On T:36860 you reached level 20 of Gehennom. On T:36922 you reached level 21 of Gehennom. On T:36931 you reached level 22 of Gehennom. On T:37283 you advanced to experience level 16. On T:37399 you wished for "blessed fixed amulet of flying". On T:37530 you reached level 23 of Gehennom. On T:37729 you reached level 24 of Gehennom. On T:37967 you wished for "+3 blessed fixed ring of protection". On T:37982 you advanced to experience level 17. On T:37982 you advanced to experience level 18. On T:37983 you advanced to experience level 19. On T:37984 you advanced to experience level 20. On T:38036 you killed Wizard of Yendor on level 15 of Gehennom. On T:38075 you performed the invocation. On T:38075 you reached level 25 of Gehennom. On T:38143 you killed high priestess of Moloch on level 25 of Gehennom. On T:38144 you gained the Amulet of Yendor! On T:38384 you killed Wizard of Yendor on level 20 of Gehennom. On T:38512 you killed Wizard of Yendor on level 15 of Gehennom. On T:38719 you killed Wizard of Yendor on level 10 of Gehennom. On T:39625 you reached the Plane of Earth. On T:39626 you killed Wizard of Yendor on the Plane of Earth. On T:39662 you reached the Plane of Air. On T:39699 you reached the Plane of Fire. On T:39707 you reached the Plane of Water. On T:39744 you reached the Astral Plane. On T:39755 you killed Famine on the Astral Plane. On T:39777 you lost the Amulet of Yendor. On T:39777 you offered the Amulet of Yendor to Offler and ascended to the status of Demigoddess! Score breakdown: Gold: 973 ( 97 points) Experience: 20 levels ( 1900 points) Exploration: 54 levels ( 2000 points) Discoveries: 181 items ( 2000 points) Variety of kills: 277 monsters ( 2000 points) Major goal: ascended ( 5000 points) Ascension bonuses Valuables value: 26250 ( 2000 points) Artifacts: 4 ( 4000 points) Speed bonus: 39777 turns ( 3011 points) Conduct bonus: 5 conducts ( 9900 points) Survival: ascended (score multiplied by 10) Total score: 319080 Latest messages: You feel somewhat dizzy. The priest of Blind Io picks up a robe. You hit the Angel! You kill the Angel! The Angel of The Lady swings her long sword at you. The Angel of The Lady misses. The Angel of The Lady swings her long sword at you. The Angel of The Lady slashes you! The Angel of The Lady misses. The Angel of The Lady casts a spell at you! A shower of missiles bounces off the priestess! The priest of The Lady wields a long sword! The priest of The Lady misses. The priest of The Lady casts a spell at you! You stiffen briefly. You feel less confused now. You can move again. There are a few objects here. The hill giant picks up a blessed long sword. The ice troll turns to flee! The ice troll picks up a blessed long sword. You offer the Amulet of Yendor to Offler... An invisible choir sings, and you are bathed in radiance... The voice of Offler booms: "Congratulations, mortal!" "In return for thy service, I grant thee the gift of Immortality!" You ascend to the status of Demigoddess... Final status: Goodbye woodfighter the Demigoddess, ascended... You went to your reward with 319080 points, The Sceptre of Might (worth 2500 zorkmids) The Master Key of Thievery (worth 3500 zorkmids) 4 rubies (worth 14000 zorkmids), 3 emeralds (worth 7500 zorkmids), 1 diamond (worth 4000 zorkmids), 4 amulets of life saving (worth 600 zorkmids), 1 amulet of flying (worth 150 zorkmids), and 973 pieces of gold, after 39777 moves. You were level 20 with a maximum of 181 hit points when you ascended.